 Dungeon Crawl Stone Soup version 0.20-a0-432-g25cc1b4 (webtiles) character file.

191 Amnesiac the Vexing (level 5, -3/35 HPs)
             Began as a Mummy Enchanter on Jan 3, 2017.
             Slain by Shenda's ghost (13 damage)
             ... on level 4 of the Dungeon.
             The game lasted 00:08:52 (3671 turns).

Amnesiac the Vexing (Mummy Enchanter)               Turns: 3671, Time: 00:08:52

Health: -3/35      AC:  3    Str: 11    XL:     5   Next: 41%
Magic:  9/11       EV: 12    Int: 14    God:
Gold:   55         SH:  0    Dex: 14    Spells: 5/12 levels left

rFire  x . .     SeeInvis .     a - +1 dagger
rCold  + . .     Gourm    .     b - +0 robe
rNeg   + + +     Faith    .     (no shield)
rPois  ∞         Spirit   .     (no helmet)
rElec  .         Reflect  .     d - +0 cloak {rPois}
rCorr  .         Harm     .     (no gloves)
MR     .....                    (no boots)
Stlth  ++........               (no amulet)
                                (no ring)
                                (no ring)

@: no status effects
A: no food or potions, fire vulnerability, cold resistance 1, negative energy
resistance 3, torment resistance, unbreathing
a: no special abilities


You were on level 4 of the Dungeon.
You were not hungry.

You visited 1 branch of the dungeon, and saw 4 of its levels.

You collected 55 gold pieces.

Inventory:

Hand Weapons
 a - a +1 dagger (weapon)
Armour
 b - a +0 robe (worn)
 d - a +0 cloak of poison resistance (worn)
 h - a +0 pair of gloves
Jewellery
 e - a +5 ring of evasion {unknown}
Scrolls
 f - a scroll of immolation {unknown}
 g - a scroll of recharging {unknown}
 i - a scroll of random uselessness {unknown}
Books
 c - a book of Maledictions

   Spells                             Type                      Level
   a - Corona                         Hexes                        1
   b - Ensorcelled Hibernation        Hexes/Ice                    2
   c - Confuse                        Hexes                        3
   d - Tukima's Dance                 Hexes                        3
   e - Dazzling Spray                 Conjuration/Hexes            3


   Skills:
 + Level 1.6 Short Blades
 - Level 1.7 Dodging
 - Level 2.5 Stealth
 - Level 4.3 Spellcasting
 - Level 4.4 Hexes


You had 5 spell levels left.
You knew the following spells:

 Your Spells              Type           Power        Failure   Level  Hunger
e - Confuse               Hex            ###.....     10%         3    N/A
f - Corona                Hex            ###....      2%          1    N/A
w - Tukima's Dance        Hex            ###.....     10%         3    N/A

Dungeon Overview and Level Annotations

Branches:
Dungeon (4/15)
 Temple: D:4-7

Altars:
Qazlal

Annotations:
D:4 Shenda's ghost, novice FoFi


Innate Abilities, Weirdness & Mutations

You do not eat or drink.
Your flesh is vulnerable to fire.
You are immune to poison.
Your flesh is cold resistant. (rC+)
You are immune to negative energy. (rN+++)
You are immune to unholy pain and torment.
You can survive without breathing.


Message History

Aiming: Confuse
Press: ? - help, Shift-Dir - straight line, f - Shenda's ghost
Aim: Shenda's ghost (chance to defeat MR: 24%) Shenda's ghost appears confused.
You hit Shenda's ghost but do no damage.
You barely miss Shenda's ghost. Shenda's ghost hits you.
You hit Shenda's ghost.
Shenda's ghost is lightly damaged.
You hit Shenda's ghost.
Shenda's ghost is lightly damaged.
Shenda's ghost closely misses you.
You hit Shenda's ghost but do no damage.
Shenda's ghost is lightly damaged.
Shenda's ghost hits you!
* * * LOW HITPOINT WARNING * * *
You hit Shenda's ghost.
Shenda's ghost is lightly damaged.
Shenda's ghost seems less confused.
Shenda's ghost hits you!
You die...

..###.# ##..#
...##.# ...#
≈≈....#####..#
8≈≈..........#
############.#
###.########
..#...[)<.!#
#.#..#####.####
#.#..#W@......#
#.#..#.###.##.#
#......# #.##.#
#####.....####.##.#
=......%........##.#
########.#########.#
#.# #####.#### #.#
#........# ##'##
#.###.##.#


You could see Shenda's ghost.

Vanquished Creatures
  An ogre (D:4)
  A hound (D:4)
  Jessica (D:2)
  An adder (D:4)
  3 dart slugs
  2 leopard geckos
  5 orcs (D:4)
  A ball python (D:4)
  8 goblins
  3 hobgoblins
  6 jackals (D:2)
  5 kobolds
  6 bats
  3 frilled lizards (D:1)
  5 rats
51 creatures vanquished.

Notes
Turn   | Place    | Note
-------+----------+-------------------------------------------
     0 | D:1      | Amnesiac the Mummy Enchanter began the quest for the Orb.
     0 | D:1      | Reached XP level 1. HP: 13/13 MP: 4/4
   253 | D:1      | Reached skill level 1 in Short Blades
   253 | D:1      | Reached XP level 2. HP: 13/19 MP: 5/5
  1009 | D:2      | Noticed Jessica
  1255 | D:2      | Killed Jessica
  1255 | D:2      | Reached XP level 3. HP: 9/24 MP: 7/7
  1952 | D:2      | Learned a level 3 spell: Confuse
  1956 | D:2      | Learned a level 3 spell: Tukima's Dance
  2053 | D:2      | Reached XP level 4. HP: 11/30 MP: 9/9
  2366 | D:4      | Noticed an ogre
  2485 | D:4      | Killed an ogre
  2696 | D:4      | Reached XP level 5. HP: 22/35 MP: 2/11
  3102 | D:4      | Noticed a phantom
  3171 | D:4      | Found a stormy altar of Qazlal.
  3432 | D:4      | Noticed Shenda's ghost (novice FoFi)
  3671 | D:4      | Slain by Shenda's ghost

Vault maps used:
D:1:      lightli_arrival_statue_moat
D:2:      old_standard_altar, first_bread, minmay_tetromino_i4, uniq_jessica
D:4:      kennysheep_little_box, moated_statue, nicolae_qazlal_eye_of_the_storm

Skill      XL: |  1  2  3  4 |
---------------+-------------+-----
Short Blades   | 1 |  1.6
Spellcasting   | 3 4 |  4.3
Hexes          | 3 4 |  4.4
Dodging        | |  1.7
Stealth        | |  2.5

Action                   |  1- 3 |  4- 6 || total
-------------------------+-------+-------++-------
Melee: Dagger            |   190 |   118 ||   308
 Cast: Confuse           |       |    23 ||    23
       Tukima's Dance    |       |     2 ||     2
 Stab: Sleeping          |     5 |     2 ||     7
       Confused          |       |     6 ||     6
Armor: Robe              |    50 |     7 ||    57
Dodge: Dodged            |   118 |    58 ||   176
